 Dungeon Sprint DCSS version 0.31-a0-965-g8a8ce12e04 (webtiles) character file.

Game seed: 3482581748929970444

9177 rocky1 the Brawler (level 11, -14/192 HPs)
             Began as an Ogre Shapeshifter on Oct 27, 2023.
             Was an Initiate of Gozag.
             Demolished by a chaos spawn (17 damage)
             ... in the Dungeon (Sprint VII: "The Pits").
             The game lasted 00:09:07 (4056 turns).

rocky1 the Brawler (Ogre Shapeshifter)              Turns: 4056, Time: 00:09:08

Health: -14/192    AC:  3    Str: 22    XL:     11   Next: 42%
Magic:  11/11      EV: 13    Int: 11    God:    Gozag
Gold:   905        SH:  0    Dex: 10    Spells: 10/10 levels left

rFire   + .          .
                       - Unarmed
rCold   + . .        (no shield)
rNeg    . . .        a - +0 animal skin
rPois   +            (helmet currently unavailable)
rElec   +            (cloak currently unavailable)
rCorr   +            (gloves unavailable)
SInv    .            (boots unavailable)
Will    +....        (no amulet) Stlth
                     (no ring)
HPRegen 0.52/turn    (no ring)
MPRegen 0.12/turn

%: no teleportation
@: mighty, brilliant, berserking, beast-form, resistant, gold aura, hasted,
invisible, very quick
A: beast (slay +4), large, unfitting armour, tough skin 1
a: Begin Untransformation, Renounce Religion, Potion Petition, Call Merchant,
Bribe Branch


You were in the Dungeon.
You worshipped Gozag.
Gozag was pleased with you.
You were a hulking beast.
You visited 1 branch You collected 4338 gold pieces.
You paid 3433 gold pieces to Gozag.

Inventory:

Armour
 a - a +0 animal skin (worn)
Jewellery
 g - a +3 ring of strength
Talismans
 c - a beast talisman
 d - a flux talisman
Wands
 e - a wand of light (10)
Scrolls
 l - 2 scrolls of vulnerability
 m - 5 scrolls of amnesia
Potions
 f - 6 potions of curing
 h - 4 potions of magic


   Skills:
 + Level 13.6 Fighting
 + Level 11.2 Dodging
 - Level 0.8 Stealth
 + Level 18.8 Unarmed Combat
 + Level 9.6 Shapeshifting


You had 10 spell levels left.
You didn't know any spells.
Your spell library was empty.

Dungeon Overview and Level Annotations

Branches:
Dungeon (1/1)

Altars:
Ashenzari
Cheibriados
Dithmenos
Elyvilon
Fedhas
Gozag
Hepliaklqana
Kikubaaqudgha
Makhleb
Nemelex Xobeh
Okawaru
Qazlal
Ru
Sif Muna
Trog
Uskayaw
Vehumet
Wu Jian
Xom
Yredelemnul
Zin
The Shining One
Jiyva
Lugonu


Innate Abilities, Weirdness & Mutations

You are a hulking beast.
Your limbs bulge with bestial killing power. (Slay +4)
You are too large for most types of armour.
You have tough skin. (AC +1)


Message History

The demonic crawler hits you!
The demonic crawler hits you but does no damage.
The demonic crawler closely misses you.
You punch the ynoxinul!
The ynoxinul is almost dead.
You catch the helpless ynoxinul completely off-guard!
You pummel the ynoxinul!!
You kill the ynoxinul!
The ufetubus disappears in a puff of smoke! x3
Your enlightenment fades.
The demonic crawler hits you but does no damage.
The demonic crawler hits you.
* * * LOW HITPOINT WARNING * * *
The demonic crawler hits you.
* * * LOW HITPOINT WARNING * * *
You closely miss the orc knight. You punch the orc knight!
The orc knight is lightly wounded.
The fire bat is distracted by your dazzling golden aura.
You catch the helpless orc knight completely off-guard!
You pummel the orc knight like a punching bag!!!
The orc knight is severely wounded.
The chaos spawn is no longer distracted by gold.
The demonic crawler hits you!
* * * LOW HITPOINT WARNING * * *
The demonic crawler misses you. The demonic crawler hits you.
* * * LOW HITPOINT WARNING * * *
The orc knight roars a battlecry!
The orcs go into a battle-frenzy!
You barely miss the orc knight.
The orc knight is severely wounded.
Unknown command.
You pummel the orc knight!!
The orc knight is almost dead.
The demonic crawler barely misses you. The demonic crawler hits you!
* * * LOW HITPOINT WARNING * * *
The demonic crawler hits you!
* * * LOW HITPOINT WARNING * * *
The chaos spawn gores you!
You die...
Your body crumbles into a pile of gold.

###### ############
###### ....+..'...###
..... ....+..'.....##
.... ...##..##.....##
...# .###....###....#
...#
##........###.###..# .
#...#..#...#....#s5#o...
...........+....hoboo§..
#...#..#...#....#4R#o...
##........###.###°°# .
.###....###....# ...#
...##..##.....## ...#
....'..'.....## ....
#...'..'...### .....
############ ######


You could see an orc knight (unable to see you), a demonic crawler, an efreet
(unable to see you), a chaos spawn (unable to see you), an orc warrior (strong,
unable to see you), a fire bat, an iron imp (unable to see you), an orc wizard
(strong, unable to see you) and 2 orcs.

Vanquished Creatures
  A hydra (D)
  A vampire mage (D)
  A demonic crawler (D)
  A spriggan (D)
  A flayed ghost (D)
  A phantasmal warrior (D)
  A manticore (D)
  Maurice (D)
  A black mamba (D)
  A smoke demon (D)
  An unseen horror (D)
  A freezing wraith (D)
  A guardian mummy (D)
  A polar bear (D)
  A hornet (D)
  Grinder (D)
  A tarantella (D)
  4 blink frogs (D)
  A snapping turtle (D)
  A jumping spider (D)
  A wraith (D)
  A ynoxinul (D)
  3 yaks (D)
  A redback (D)
  2 water moccasins (D)
  An ice beast (D)
  4 wolves (D)
  A centaur (D)
  A kobold brigand (D)
  A bullfrog (D)
  A necrophage (D)
  A gnoll sergeant (D)
  A scorpion (D)
  An iron imp (D)
  Ijyb (D)
  An adder (D)
  4 gnolls (D)
  A river rat (D)
  A white imp (D)
  3 ufetubi (D)
  A bat skeleton (D)
  2 endoplasms (D)
  A giant cockroach (D)
  8 jackals (D)
  A quokka (D)
  A frilled lizard (D)
  A goblin (D)
  A quokka zombie (D)
  A rat (D)
71 creatures vanquished.

Vanquished Creatures (others)
  An orc warrior (D)
  An orc (D)
2 creatures vanquished.

Grand Total: 73 creatures vanquished

Notes
Turn   | Place    | Note
-------+----------+-------------------------------------------
     0 | D        | rocky1 the Ogre Shapeshifter began the quest for the Orb.
     0 | D        | Reached XP level 1. HP: 19/19 MP: 1/1
    41 | D        | Found a bloodstained altar of Trog.
    41 | D        | Found a shimmering blue altar of Sif Muna.
    41 | D        | Found a viscous altar of Jiyva.
    41 | D        | Found a hazy altar of Hepliaklqana.
    41 | D        | Found an opulent altar of Gozag.
    42 | D        | Found a glowing golden altar of the Shining One.
    42 | D        | Found a glowing silver altar of Zin.
    42 | D        | Found a basalt altar of Yredelemnul.
    42 | D        | Found a shimmering altar of Xom.
    42 | D        | Found an ornate altar of the Wu Jian Council.
    42 | D        | Found a sacrificial altar of Ru.
    42 | D        | Found a stormy altar of Qazlal.
    42 | D        | Found an iron altar of Okawaru.
    42 | D        | Found a sparkling altar of Nemelex Xobeh.
    42 | D        | Found a burning altar of Makhleb.
    42 | D        | Found a blossoming altar of Fedhas.
    42 | D        | Found a white marble altar of Elyvilon.
    42 | D        | Found a shadowy altar of Dithmenos.
    42 | D        | Found a snail-covered altar of Cheibriados.
    46 | D        | Found a corrupted altar of Lugonu.
    46 | D        | Found a radiant altar of Vehumet.
    47 | D        | Found a broken altar of Ashenzari.
    47 | D        | Found an ancient bone altar of Kikubaaqudgha.
    47 | D        | Found a hide-covered altar of Uskayaw.
    49 | D        | Became a worshipper of Gozag Ym Sagoz the Greedy
    60 | D        | Noticed a scorpion
    63 | D        | Killed a scorpion
    64 | D        | Reached skill level 4 in Unarmed Combat
    64 | D        | Reached skill level 5 in Shapeshifting
    64 | D        | Reached XP level 2. HP: 28/28 MP: 2/2
    64 | D        | Reached XP level 3. HP: 35/35 MP: 3/3
   396 | D        | Reached skill level 5 in Unarmed Combat
   396 | D        | Reached XP level 4. HP: 36/42 MP: 4/4
   502 | D        | Noticed Ijyb
   528 | D        | Killed Ijyb
   667 | D        | Reached skill level 6 in Unarmed Combat
   794 | D        | Noticed a necrophage
   806 | D        | Killed a necrophage
   807 | D        | Reached skill level 7 in Unarmed Combat
   807 | D        | Reached XP level 5. HP: 47/50 MP: 5/5
  1218 | D        | Noticed a demonic crawler
  1235 | D        | Killed a demonic crawler
  1236 | D        | Reached skill level 5 in Fighting
  1236 | D        | Reached skill level 5 in Dodging
  1236 | D        | Reached skill level 11 in Unarmed Combat
  1236 | D        | Reached XP level 6. HP: 66/66 MP: 6/6
  1236 | D        | Reached XP level 7. HP: 72/72 MP: 7/7
  1302 | D        | Noticed Grinder
  1308 | D        | Reached XP level 8. HP: 69/81 MP: 8/8
  1322 | D        | Killed Grinder
  1479 | D        | Noticed a phantasmal warrior
  1497 | D        | Killed a phantasmal warrior
  1498 | D        | Reached skill level 12 in Unarmed Combat
  1931 | D        | Noticed a yak
  1931 | D        | Noticed a yak
  1931 | D        | Noticed a yak
  1931 | D        | Noticed a wraith
  1948 | D        | Killed a yak
  1949 | D        | Reached skill level 13 in Unarmed Combat
  1949 | D        | Reached XP level 9. HP: 64/93 MP: 9/9
  2308 | D        | Reached skill level 14 in Unarmed Combat
  2552 | D        | Noticed a seven-headed hydra
  2563 | D        | Killed a seven-headed hydra
  2564 | D        | Reached skill level 15 in Unarmed Combat
  2732 | D        | Reached XP level 10. HP: 66/110 MP: 10/10
  2872 | D        | Noticed a manticore
  2901 | D        | Reached skill level 10 in Fighting
  3109 | D        | Reached skill level 16 in Unarmed Combat
  3246 | D        | Noticed a flayed ghost
  3257 | D        | Killed a flayed ghost
  3273 | D        | Killed an unseen horror
  3395 | D        | Noticed a smoke demon
  3397 | D        | Killed a smoke demon
  3398 | D        | Reached skill level 17 in Unarmed Combat
  3653 | D        | Killed a manticore
  3654 | D        | Reached skill level 10 in Dodging
  3706 | D        | Noticed a black mamba
  3714 | D        | Killed a black mamba
  3742 | D        | Reached XP level 11. HP: 54/124 MP: 11/11
  3936 | D        | Reached skill level 18 in Unarmed Combat
  3988 | D        | Noticed Maurice
  4000 | D        | Noticed a spriggan rider
  4002 | D        | Noticed an orc knight
  4003 | D        | Noticed a vampire mage
  4019 | D        | Noticed a demonic crawler
  4023 | D        | Killed a vampire mage
  4028 | D        | Killed a spriggan rider
  4041 | D        | Something stole a +3 ring of intelligence
  4043 | D        | Killed Maurice
  4056 | D        | HP: 3/192 [demonic crawler (17)]
  4056 | D        | Demolished by a chaos spawn

Illustrated notes

Levels and vault maps discovered:
D:        pitsprint [storerooms_1, entrance_room_1, metal_vault_4, armoury_1,
          mini_pit_1, grid_room_1, main_hall_1, silver_pit, the_coven_2,
          the_vestibule_1, steel_vault_2, golden_pit, hallway_of_sentries,
          crystal_vault_1, iron_vault_1, final_vault]

Skill      XL: |  1  2  3  4  5  6  7  8  9 10 11 |
---------------+----------------------------------+-----
Dodging        | 2 3 5 6 7 8 10 11 | 11.2
Unarmed Combat | 4 5 7 11 13 15 17 18 | 18.8
Shapeshifting  | 5 7 9 |  9.6
Fighting       | 2 5 7 9 12 13 | 13.6
Stealth        | |  0.8

Action                     |  1- 3 |  4- 6 |  7- 9 | 10-12 || total
---------------------------+-------+-------+-------+-------++-------
  Melee: Unarmed           |    11 |    56 |    82 |   112 ||   261
         Punch             |       |     2 |     7 |    13 ||    22
 Invoke: Potion Petition   |       |       |     1 |     5 ||     6
    Use: Potion            |     1 |     8 |     4 |    12 ||    25
         Scroll            |       |     1 |     1 |       ||     2
   Stab: Invisible         |       |       |     1 |     4 ||     5
         Distracted        |       |       |     1 |       ||     1
 Armour: Animal skin       |     2 |    55 |    46 |   100 ||   203
         Skin              |       |    14 |     8 |       ||    22
  Dodge: Dodged            |     8 |    34 |    32 |    65 ||   139

Table legend: (Time is in decaauts)
 A = Elapsed time spent in this place.
 B = Non-inter-level travel time spent in this place.
 C = Inter-level travel time spent in this place.
 D = Time resting spent in this place.
 E = Time spent auto-exploring this place.
 F = Levels seen in this place.
 G = Mean time per level.
                   A        B        C        D        E       F      G
               +--------+--------+--------+--------+--------+-----+--------+
         Total |   3973 |   3914 |     59 |   3040 |      0 |   1 | 3973.0 |
       Dungeon |   3973 |   3914 |     59 |   3040 |      0 |   1 | 3973.0 |
               +--------+--------+--------+--------+--------+-----+--------+

Top non-repeatable levels by time:
       D: 3973 daAuts
